 Dungeon Crawl Stone Soup version 0.29.1-13-g9f3cf754e1 (webtiles) character file.

Game seed: 5375447337989306001

67 javelincjr the Digger (level 4, 0/24 HPs)
             Began as a Gargoyle Earth Elementalist on Jan 23, 2023.
             Slain by an orc wizard
             ... wielding a +0 dagger
              (3 damage)
             ... on level 3 of the Dungeon.
             The game lasted 00:08:07 (1982 turns).

javelincjr the Digger (Gargoyle Earth Elementalist) Turns: 1982, Time: 00:08:08

Health: 0/24       AC:  6    Str: 11    XL:     4   Next: 16%
Magic:  1/8        EV: 12    Int: 18    God:
Gold:   120        SH:  0    Dex: 10    Spells: 7/8 levels left

rFire   + . .      SeeInvis .   d - +0 spear
rCold   . . .      Faith    .   (no shield)
rNeg    + . .      Spirit   .   a - +0 robe
rPois   ∞          Reflect  .   q - +0 helmet
rElec   +          Harm     .   (no cloak)
rCorr   .          Rampage  .   (no gloves)
Will    .....                   (no boots)
Stlth   ++........              (no amulet)
HPRegen 0.08/turn               n - ring of protection from fire
MPRegen 0.11/turn               (no ring)

@: no status effects
A: sickness immunity, AC +3, negative energy resistance 1, electricity
resistance, torment resistance 1, petrification resistance
a: no special abilities


You were on level 3 of the Dungeon.
You visited 1 branch of the dungeon, and saw 3 of its levels.

You collected 120 gold pieces.

Inventory:

Hand Weapons
 d - a +0 spear (weapon)
Armour
 a - a +0 robe (worn)
 q - a +0 helmet (worn)
Magical Staves
 c - a staff of fire
Jewellery
 n - a ring of protection from fire (left hand)
Scrolls
 e - a scroll of summoning {unknown}
 g - 4 scrolls of identify {unknown}
 h - a scroll of fear {unknown}
 i - a scroll of blinking {unknown}
 j - 3 scrolls of immolation
 k - 2 scrolls of teleportation {unknown}
 m - a scroll of torment {unknown}
 o - a scroll of silence {unknown}
Potions
 b - a potion of magic
 f - a potion of haste {unknown}
 l - a potion of curing {unknown}
 p - a potion of brilliance {unknown}
 r - a potion of might {unknown}
 s - a potion of degeneration {unknown}


   Skills:
 + Level 0.2 Polearms
 + Level 1.8 Dodging
 + Level 2.3 Stealth
 + Level 2.7 Spellcasting
 + Level 0.7 Transmutations
 + Level 5.0 Earth Magic


You had 7 spell levels left.
You knew the following spells:

 Your Spells              Type           Power      Damage    Failure   Level
a - Sandblast             Erth           40%        2d10      2%          1

Your spell library contained the following spells:

 Spells                   Type           Power      Damage    Failure   Level
 Passwall                 Tmut/Erth      10%        N/A       8%          2
 Stone Arrow              Conj/Erth      22%        3d8       19%         3
 Tukima's Dance           Hex            2%         N/A       45%         3
 Petrify                  Tmut/Erth      12%        N/A       45%         4
 Passage of Golubria      Tloc           2%         N/A       86%         4
 Yara's Violent Unravell  Hex/Tmut       1%         3d3       99%         5


Dungeon Overview and Level Annotations

Branches:
Dungeon (3/15)

Altars:


Innate Abilities, Weirdness & Mutations

You are immune to sickness and miasma.
Your stone body is resilient. (AC +3)
You are immune to poison.
You resist negative energy. (rN+)
You are resistant to electric shocks. (rElec)
You are resistant to unholy torment.
You are immune to petrification.


Message History

Your magical contamination has completely faded away.
You hit the orc wizard but do no damage.
The orc wizard is lightly wounded.
The orc wizard hits you with a +0 dagger.
You barely miss the orc wizard.
The orc wizard is lightly wounded.
The orc wizard hits you but does no damage.
You closely miss the orc wizard.
The orc wizard is lightly wounded.
The orc wizard gestures wildly while chanting.
The orc wizard flickers and vanishes!
Deactivating autopickup; reactivate with Ctrl-A.
Casting: Sandblast (safe; 2% risk of failure)
Confirm with . or Enter, or press ? or * to list all spells.
You can't see any susceptible monsters within range! (Use Z to cast anyway.) Unknown command.
Casting: Sandblast (safe; 2% risk of failure)
Confirm with . or Enter, or press ? or * to list all spells.
You don't know that spell.
Casting: Sandblast (safe; 2% risk of failure)
Confirm with . or Enter, or press ? or * to list all spells.
You don't know that spell.
Casting: Sandblast (safe; 2% risk of failure)
Confirm with . or Enter, or press ? or * to list all spells.
Aiming: Sandblast (safe; 2% risk of failure)
Press: ? - help, Shift-Dir - straight line The blast of sand hits something.
You hear some strange, mumbled words.
A magic dart appears from out of thin air!
The magic dart hits you!
* * * LOW HITPOINT WARNING * * *
You barely miss something.
You hear some strange, mumbled words.
A puff of flame appears from out of thin air!
The puff of flame hits you. You resist.
* * * LOW HITPOINT WARNING * * *
You hit something. Something hits you.
* * * LOW HITPOINT WARNING * * *
Something hits you.
You die...

...... ##.....
+## .......
..#
.......##..#
$..........#
...........#
.......{...##
#@.[..##.
#).......
#...#..#. #
#...# .# #.
#...#
###.###...#
........###
........#
........######


There were no monsters in sight!

Vanquished Creatures
  An adder (D:2)
  A worm (D:2)
  3 dart slugs
  3 orcs (D:3)
  4 bats
  5 endoplasms
  4 goblins
  5 hobgoblins
  3 jackals (D:1)
  A quokka (D:1)
  2 ball pythons (D:1)
  2 frilled lizards
  5 kobolds
  5 rats
44 creatures vanquished.

Notes
Turn   | Place    | Note
-------+----------+-------------------------------------------
     0 | D:1      | javelincjr the Gargoyle Earth Elementalist began the quest
                  | for the Orb.
     0 | D:1      | Reached XP level 1. HP: 10/10 MP: 3/3
   270 | D:1      | Reached skill level 4 in Earth Magic
   301 | D:1      | Reached XP level 2. HP: 15/15 MP: 1/5
   770 | D:1      | Reached XP level 3. HP: 8/19 MP: 0/6
   954 | D:1      | Found a faded altar of an unknown god.
  1665 | D:2      | Reached XP level 4. HP: 20/24 MP: 7/7
  1960 | D:3      | Reached skill level 5 in Earth Magic
  1982 | D:3      | Slain by an orc wizard

Illustrated notes

Levels and vault maps discovered:
D:1:      minmay_arrival_open_corners, layout_basic,
          hellmonk_ecumenical_altar_blasted, minmay_misc_feat_five
D:2:      layout_rooms, nicolae_elevator_lobby_plus
D:3:      layout_basic, serial_shops, nicolae_shop_behind_doors

Skill      XL: |  1  2  3  4 |
---------------+-------------+-----
Earth Magic    | 4 5 |  5.0
Polearms       | |  0.2
Dodging        | |  1.8
Stealth        | |  2.3
Spellcasting   | |  2.7
Transmutations | |  0.7

Action                   |  1- 3 |  4- 6 || total
-------------------------+-------+-------++-------
Melee: Spear             |    16 |    10 ||    26
 Cast: Sandblast         |    51 |     9 ||    60
Armor: Robe              |    11 |     3 ||    14
Dodge: Dodged            |    15 |     3 ||    18
